 Dungeon Crawl Stone Soup version 0.30-a0-354-g6b83867211 (webtiles) character file.

Game seed: 4542377122949451205

86 mopl the Insei (level 4, 0/33 HPs)
             Began as a Djinni Transmuter on Nov 7, 2022.
             Slain by a goblin
             ... wielding a +0 dagger
             ... led by Robin
              (2 damage)
             ... on level 2 of the Dungeon.
             The game lasted 00:02:11 (1534 turns).

mopl the Insei (Djinni Transmuter)                  Turns: 1534, Time: 00:02:11

Health: 0/33       AC:  3    Str: 11    XL:     4   Next: 78%
Gold:   116        EV: 12    Int: 15    God:
                   SH:  0    Dex: 13

rFire   + + .      SeeInvis .      - Unarmed
rCold   x . .      Faith    .    (no shield)
rNeg    . . .      Spirit   .    a - +0 robe
rPois   ∞          Reflect  .    (no helmet)
rElec   .          Harm     .    j - scarf {shadows}
rCorr   .          Rampage  .    l - +0 pair of gloves
Will    .....                    (boots unavailable)
Stlth   +.........               (no amulet)
HPRegen 0.25/turn                (no ring)
MPRegen 0.00/turn                (no ring)

@: flying
A: sickness immunity, fire resistance 2, cold vulnerability 1, float, innate
caster, HP casting, extra vitality 1
a: no special abilities


You were on level 2 of the Dungeon.
You visited 1 branch of the dungeon, and saw 2 of its levels.

You collected 116 gold pieces.

Inventory:

Missiles
 g - a throwing net
Armour
 a - a +0 robe (worn)
 j - a scarf of shadows (worn)
 l - a +0 pair of gloves (worn)
Scrolls
 c - 2 scrolls of identify {unknown}
 d - 2 scrolls of noise {unknown}
 f - a scroll of fog {unknown}
 h - a scroll of teleportation {unknown}
 i - a scroll of enchant armour {unknown}
Potions
 b - 2 potions of lignification {!q}
 e - a potion of invisibility {unknown}
 k - a potion of heal wounds {unknown}


   Skills:
 + Level 1.9 Fighting
 + Level 3.0 Dodging
 * Level 4.0 Unarmed Combat
 + Level 2.1 Spellcasting


You couldn't memorise any spells.
You knew the following spells:

 Your Spells              Type           Power      Damage    Failure   Level
a - Beastly Appendage     Tmut           14%        N/A       10%         1
b - Wereblood             Tmut           7%         N/A       14%         2
c - Spider Form           Tmut/Pois      7%         N/A       28%         3
d - Ice Form              Ice/Tmut       7%         N/A       67%         4
e - Apportation           Tloc           14%        N/A       10%         1
Your spell library was empty.

Dungeon Overview and Level Annotations

Branches:
Dungeon (2/15)

Altars:
The Shining One

Annotations:
D:2 Robin


Innate Abilities, Weirdness & Mutations

You are immune to sickness and miasma.
You are immune to poison.
Your flesh is very heat resistant. (rF++)
You are vulnerable to cold. (rC-)
You float through the air rather than walking.
You learn spells naturally, not from books.
Your magical power is your life essence.
You have superior vitality. (+4 MHP)


Message History

Your transformation is almost over.
The goblin hits you with a +0 club. x2
You barely miss the goblin. Your headbutt misses the goblin.
The goblin is severely wounded.
Robin hits you from afar with a +0 spear.
The goblin hits you with a +0 club. The goblin completely misses you.
You hit the goblin.
You kill the goblin!
Robin closely misses you. The goblin misses you.
Unknown command.
Robin roars a battlecry!
The goblins go into a battle-frenzy!
You hear a shout!
You see here a +0 club.
The goblin attacks as you move away! The goblin hits you but does no damage.
A hobgoblin comes into view.
The goblin attacks as you move away! The goblin barely misses you.
Robin throws the goblin at you! The goblin hits you with a +0 dagger.
The goblin closely misses you. The goblin attacks as you move away!
The goblin hits you with a +0 dagger. Robin throws the goblin at you!
The goblin unwields a +0 dagger.
The goblin wields a +0 sling.
The goblin shoots a sling bullet.
The sling bullet barely misses you. The goblin hits you with a +0 dagger.
Your horns disappear.
The goblin hits you with a +0 dagger.
The goblin shoots a sling bullet.
The sling bullet closely misses you. The goblin attacks as you move away!
The goblin barely misses you. The goblin attacks as you move away!
The goblin hits you with a +0 dagger.
* * * LOW HITPOINT WARNING * * *
The goblin attacks as you move away! The goblin barely misses you.
The goblin attacks as you move away! The goblin misses you.
The goblin no longer looks unusually strong.
The goblin attacks as you move away! The goblin closely misses you.
The goblin attacks as you move away! The goblin barely misses you.
The goblin no longer looks unusually strong.
The goblin shoots a sling bullet.
The sling bullet hits you.
* * * LOW HITPOINT WARNING * * *
You hear a shout!
The goblin attacks as you move away! The goblin hits you with a +0 dagger.
You die...

#.# #.##..# ####.##### #.# #.#
#.#...## #.# #.# #.# #......#
##+## #.## #.# ###...## ##...##
#^.# #.# ###..# ##.....## ####.#
#.####.#..###.......## ##.##.#
##....g....##.........####...#.#
.).gg.......+.........'........#
######...g###..g@.....####...).#
##.#.# #.g......## #..####
####.###.._†...## #.##
#......g......## #.#
###.##.##......## #.#
#......##.####.# #.#
####.#.#####.# #.# #.#
........####.####.##### #.#
.###.#................# #.#


You could see 3 goblins.

Vanquished Creatures
  A gnoll (D:1)
  2 adders (D:2)
  2 worms (D:2)
  3 dart slugs
  4 ball pythons
  6 bats
  An endoplasm (D:2)
  2 giant cockroaches (D:1)
  8 goblins
  8 hobgoblins
  2 kobolds (D:1)
  2 frilled lizards (D:1)
  4 rats (D:1)
45 creatures vanquished.

Vanquished Creatures (others)
  A plant (D:1)
1 creature vanquished.

Grand Total: 46 creatures vanquished

Notes
Turn   | Place    | Note
-------+----------+-------------------------------------------
     0 | D:1      | mopl the Djinni Transmuter began the quest for the Orb.
     0 | D:1      | mopl set off with the following spells memorised: Beastly
                  | Appendage, Wereblood, Spider Form, Ice Form.
     0 | D:1      | Reached XP level 1. HP: 17/17 MP: 0/0
    79 | D:1      | Reached XP level 2. HP: 22/22 MP: 0/0
   185 | D:1      | Reached XP level 3. HP: 4/27 MP: 0/0
   185 | D:1      | Learned a level 1 spell: Apportation
  1103 | D:2      | Reached skill level 2 in Spellcasting
  1103 | D:2      | Reached XP level 4. HP: 33/33 MP: 0/0
  1359 | D:2      | Found a glowing golden altar of the Shining One.
  1503 | D:2      | Reached skill level 3 in Dodging
  1509 | D:2      | Noticed Robin
  1513 | D:2      | Reached skill level 4 in Unarmed Combat
  1534 | D:2      | Slain by a goblin

Illustrated notes

Levels and vault maps discovered:
D:1:      dpeg_arrival_rooms_b, layout_basic, serial_forest,
          infiniplex_forest_clump_small, infiniplex_forest_lined_ring,
          infiniplex_forest_end_1, infiniplex_forest_straight_4,
          infiniplex_forest_corner_1, infiniplex_forest_zigzag_2,
          infiniplex_forest_end_2, infiniplex_forest_join
D:2:      layout_loops_corners, basic_altar, uniq_crazy_yiuf_cottage,
          uniq_sigmund, uniq_robin

Skill      XL: |  1  2  3  4 |
---------------+-------------+-----
Spellcasting   | 2 |  2.1
Dodging        | 3 |  3.0
Unarmed Combat | 4 |  4.0
Fighting       | |  1.9

Action                   |  1- 3 |  4- 6 || total
-------------------------+-------+-------++-------
Melee: Unarmed           |    77 |    55 ||   132
       Headbutt          |    13 |     9 ||    22
       Punch             |     1 |       ||     1
 Cast: Beastly Appendage |    18 |     9 ||    27
 Stab: Sleeping          |     1 |       ||     1
Armor: Robe              |    15 |    16 ||    31
Dodge: Dodged            |    36 |    45 ||    81

Table legend: (Time is in decaauts)
 A = Elapsed time spent in this place.
 B = Non-inter-level travel time spent in this place.
 C = Inter-level travel time spent in this place.
 D = Time resting spent in this place.
 E = Time spent auto-exploring this place.
 F = Levels seen in this place.
 G = Mean time per level.
                   A        B        C        D        E       F      G
               +--------+--------+--------+--------+--------+-----+--------+
         Total |   1524 |   1507 |     17 |    153 |    998 |   2 |  762.0 |
       Dungeon |   1524 |   1507 |     17 |    153 |    998 |   2 |  762.0 |
               +--------+--------+--------+--------+--------+-----+--------+

Top non-repeatable levels by time:
     D:1: 1034 daAuts
     D:2: 490 daAuts
